[Event "Team 45 45 League T45"]
[Site "Internet Chess Club"]
[Date "2010.06.14"]
[Round "6"]
[White "OGO"]
[Black "Just-Jim"]
[Result "0-1"]
[WhiteElo "1577"]
[BlackElo "1380"]
[Opening "Philidor: exchange variation"]
[ECO "C41"]
[Time "12:00:13"]
[TimeControl "2700+45"]

1. e4 e5 2. Nf3 d6 3. d4 exd4 4. Qxd4 c5 5. Qd3 Nc6 6. a3 Be7 7. Nc3 h6 8. Be2
Nf6 9. O-O Be6 10. Bf4 Nh7 11. Rad1 O-O 12. Bxd6 Bxd6 13. Qxd6 Ng5 14. Qxc5
Nxf3+ 15. Bxf3 Qf6 16. b3 Ne5 17. Qe3 Nxf3+ 18. Qxf3 Qxf3 19. gxf3 f5 20. Rd3
Rf6 21. e5 Rg6+ 22. Kh1 f4 23. Rg1 Rxg1+ 24. Kxg1 Rc8 25. Nb5 Rxc2 26. Nd4 Rc1+
27. Kg2 Bc8 28. a4 Re1 29. Nb5 Bf5 30. Rd4 Rxe5 31. Rxf4 Bc2 32. Nxa7 Bxb3 33.
Nc8 Be6 34. Ne7+ Kh7 35. Re4 Rg5+ 36. Kf1 Bh3+ 37. Ke2 Rg1 38. Rb4 Bf1+ 39. Ke3
Ba6 40. Nd5 Re1+ 41. Kf4 Rh1 42. Kg3 Rg1+ 43. Kh3 Be2 44. Rxb7 Bxf3 45. Rd7 Bg4+
{White resigns} 0-1

[Event "Team 45 45 League T45"]
[Site "Internet Chess Club"]
[Date "2010.06.16"]
[Round "6"]
[White "milesotoole"]
[Black "KidCopperhead"]
[Result "1-0"]
[WhiteElo "1475"]
[BlackElo "1384"]
[Opening "Philidor: exchange variation"]
[ECO "C41"]
[Time "10:00:08"]
[TimeControl "2700+45"]

1. e4 e5 2. Nf3 d6 3. d4 exd4 4. Nxd4 Nf6 5. Nc3 Be7 6. Bf4 O-O 7. Qd2 c5 8. Nf5
d5 9. Nxe7+ Qxe7 10. e5 d4 11. Ne2 Ng4 12. h3 Nxe5 13. O-O-O Nbc6 14. Re1 Bf5
15. Ng3 Qe6 16. b3 Rfe8 17. Bxe5 Nxe5 18. f4 Qg6 19. Nxf5 Qxf5 20. fxe5 Rxe5 21.
Bc4 Rxe1+ 22. Rxe1 a6 23. Re7 Rf8 24. Rxb7 a5 25. Qxa5 Qe4 26. Qxc5 Qxb7 27. Bd5
Qa6 28. a4 Qf1+ 29. Kb2 Qf2 30. b4 Qf6 31. Kb3 Re8 32. a5 Re3+ 33. Ka4 Rc3 34.
Bc4 g6 35. a6 Qd8 36. a7 Rxc2 37. Qd5 Qe8+ 38. Qb5 Qa8 39. Qb8+ Qxb8 40. axb8=Q+
Kg7 41. Qe5+ Kh6 42. Qxd4 Rxg2 43. b5 f5 44. b6 g5 45. b7 Rh2 46. b8=Q Rxh3 47.
Qbd6+ Kh5 48. Bf7# {Black checkmated} 1-0

[Event "Team 45 45 League T45"]
[Site "Internet Chess Club"]
[Date "2010.06.14"]
[Round "6"]
[White "Skylab"]
[Black "Toalla"]
[Result "1-0"]
[WhiteElo "1294"]
[BlackElo "1171"]
[Opening "Queen's pawn game"]
[ECO "E61"]
[Time "12:02:18"]
[TimeControl "2700+45"]

1. d4 Nf6 2. Nf3 d6 3. c4 g6 4. Nc3 Bg7 5. h3 O-O 6. e4 c5 7. d5 Na6 8. a3 Nc7
9. Bd3 a6 10. O-O Re8 11. Re1 e5 12. dxe6 fxe6 13. Bg5 Qd7 14. Qc2 Qf7 15. e5
dxe5 16. Nxe5 Qf8 17. Re3 Nd7 18. Rf3 Nf6 19. Ne4 {Black resigns} 1-0

[Event "Team 45 45 League T45"]
[Site "Internet Chess Club"]
[Date "2010.06.12"]
[Round "6"]
[White "Salvatore"]
[Black "oldsj"]
[Result "1-0"]
[WhiteElo "1602"]
[BlackElo "1604"]
[Opening "Trompowsky attack (Ruth, Opocenský opening)"]
[ECO "A45"]
[Time "18:02:41"]
[TimeControl "2700+45"]

1. d4 Nf6 2. Bg5 g6 3. Bxf6 exf6 4. e3 Bg7 5. Ne2 O-O 6. g3 d5 7. Bg2 Be6 8. O-O
c6 9. Nd2 Bg4 10. h3 Bxe2 11. Qxe2 f5 12. c4 dxc4 13. Qxc4 Nd7 14. b4 Rc8 15.
Qb3 Nf6 16. f3 Qd6 17. f4 Rfe8 18. Nc4 Qe6 19. Rfe1 Ne4 20. Bxe4 fxe4 21. Kg2 b5
22. Nd2 Qd5 23. Rec1 Bf8 24. Rc2 Qxb3 25. axb3 Rc7 26. Rac1 Bxb4 27. Nf1 Re6 28.
Nh2 f5 29. g4 Rd6 30. Nf1 c5 31. dxc5 Rdc6 32. gxf5 gxf5 33. Ng3 Rf7 34. Kh2 Kg7
35. Ne2 Rfc7 36. Rg1+ Kf6 37. Rg8 Bxc5 38. Nc3 Rb7 39. Nd5+ Ke6 40. Rd2 Rd6 41.
Re8+ Kf7 42. Re5 Kg6 43. Rg2+ Kh6 44. Rxf5 Rg7 45. Rc2 Ba3 46. b4 Rdg6 47. Nf6
Rg3 48. Ng4+ R3xg4 49. hxg4 Rxg4 50. Rc6+ Rg6 51. Rxg6+ hxg6 52. Re5 Bxb4 53.
Rxe4 Bd2 54. Kg2 b4 55. Kf2 a5 56. Re8 a4 57. Ra8 a3 58. Ke2 Bc3 59. Kd3 {Black
forfeits on time} 1-0

[Event "Team 45 45 League T45"]
[Site "Internet Chess Club"]
[Date "2010.06.15"]
[Round "6"]
[White "lawth3"]
[Black "moreffee"]
[Result "1-0"]
[WhiteElo "1117"]
[BlackElo "1222"]
[Opening "Budapest defense declined"]
[ECO "A51"]
[Time "13:59:56"]
[TimeControl "2700+45"]

1. d4 Nf6 2. c4 e5 3. d5 Bc5 4. e3 d6 5. Nc3 Bf5 6. Bd3 e4 7. Be2 Qd7 8. Qa4 O-O
9. Qxd7 Nbxd7 10. h3 h6 11. g4 Bh7 12. h4 Ne5 13. g5 hxg5 14. hxg5 Nfd7 15. Bd2
Nb6 16. b3 a6 17. O-O-O Ba3+ 18. Kc2 Nbd7 19. Nh3 Nc5 20. Nf4 c6 21. Rh2 cxd5
22. Rdh1 dxc4 23. Rxh7 cxb3+ 24. Kd1 f6 25. gxf6 gxf6 26. axb3 Rac8 27. Ncd5
Nxb3 28. Ne7# {Black checkmated} 1-0

[Event "Team 45 45 League T45"]
[Site "Internet Chess Club"]
[Date "2010.06.15"]
[Round "6"]
[White "chips"]
[Black "eramos"]
[Result "1-0"]
[WhiteElo "1232"]
[BlackElo "1101"]
[Opening "Polish (Sokolsky) opening"]
[ECO "A00"]
[Time "22:09:56"]
[TimeControl "2700+45"]

1. b4 e5 2. Bb2 Nc6 3. b5 Nd4 4. c4 Bb4 5. Bxd4 exd4 6. a3 Bc5 7. d3 Nf6 8. Nf3
O-O 9. Nbd2 d6 10. a4 a6 11. g3 axb5 12. axb5 Rxa1 13. Qxa1 Bg4 14. Bg2 Bb4 15.
Qxd4 Bc5 16. Qa1 c6 17. bxc6 bxc6 18. O-O d5 19. Qa4 Qb6 20. cxd5 Nxd5 21. Qxg4
Nc3 22. Nh4 Re8 23. e4 g6 24. Nf5 Qb2 25. Qg5 Ne2+ 26. Kh1 Bf8 27. Nh6+ Bxh6 28.
Qxh6 Nd4 29. Nc4 Qb8 30. Ne3 Re6 31. Ng4 Qd8 32. Qf4 f5 33. Nh6+ Kg7 34. exf5
Nxf5 35. Nxf5+ gxf5 36. Qxf5 Rf6 37. Qe4 c5 38. Qc4 Qf8 39. Kg1 Qe7 40. d4 cxd4
41. Qxd4 h6 42. Rd1 Kg6 43. Be4+ Kg5 44. f4+ Kg4 45. Qe3 Rd6 46. Qe2+ Kh3 47.
Bg2# {Black checkmated} 1-0

[Event "Team 45 45 League T45"]
[Site "Internet Chess Club"]
[Date "2010.06.15"]
[Round "6"]
[White "noblitz-oblige"]
[Black "rubo"]
[Result "0-1"]
[WhiteElo "1597"]
[BlackElo "1728"]
[Opening "Caro-Kann: classical variation"]
[ECO "B18"]
[Time "14:40:17"]
[TimeControl "2700+45"]

1. e4 c6 2. d4 d5 3. Nc3 dxe4 4. Nxe4 Bf5 5. Ng3 Bg6 6. N1e2 Nd7 7. Nf4 e5 8.
Nxg6 hxg6 9. Bc4 Qh4 10. Qe2 Qxd4 11. O-O Ngf6 12. Bg5 Qg4 13. f4 Bc5+ 14. Rf2
Qxe2 15. Bxe2 exf4 16. Bxf4 O-O-O 17. Bc4 Ng4 18. Ne4 Bxf2+ 19. Nxf2 Nxf2 20.
Kxf2 f6 21. Re1 Rde8 22. Rd1 Re4 {White resigns} 0-1

[Event "Team 45 45 League T45"]
[Site "Internet Chess Club"]
[Date "2010.06.13"]
[Round "6"]
[White "Portola"]
[Black "RD1974"]
[Result "1-0"]
[WhiteElo "1795"]
[BlackElo "1761"]
[Opening "Scandinavian (center counter) defense"]
[ECO "B01"]
[Time "19:00:09"]
[TimeControl "2700+45"]

1. e4 d5 2. exd5 Qxd5 3. Nf3 Nf6 4. Nc3 Qd6 5. Be2 a6 6. O-O Bg4 7. d3 Nc6 8.
Bg5 O-O-O 9. Bh4 e5 10. Ne4 Qe7 11. c3 h6 12. Qc2 g5 13. Bg3 Nh5 14. h3 Bd7 15.
b4 Nf4 16. a4 Nb8 17. Rfe1 f6 18. Bf1 Bf5 19. Rad1 Qg7 20. b5 g4 21. hxg4 Bxg4
22. Be2 f5 23. Ned2 Nxe2+ 24. Rxe2 f4 25. Bh4 Bxf3 26. Nxf3 Rd6 27. Nxe5 Rg8 28.
f3 Re6 29. d4 Bd6 30. Qf5 Re8 31. c4 Nd7 32. Rde1 Kb8 33. Nxd7+ Qxd7 34. Rxe6
Rf8 35. Qg6 Bb4 36. Re8+ Ka7 37. R1e4 Rxe8 38. Qxe8 Qf5 39. Qe5 Qf7 40. c5 Bd2
41. Bf2 h5 42. d5 h4 43. b6+ cxb6 44. cxb6+ {Black resigns} 1-0

[Event "Team 45 45 League T45"]
[Site "Internet Chess Club"]
[Date "2010.06.13"]
[Round "6"]
[White "Tamarin"]
[Black "BotanicalKnight"]
[Result "1-0"]
[WhiteElo "1717"]
[BlackElo "1556"]
[Opening "Queen's pawn"]
[ECO "A40"]
[Time "22:01:14"]
[TimeControl "2700+45"]

1. d4 c6 2. c4 f5 3. Nc3 e6 4. e4 fxe4 5. Nxe4 d5 6. Qh5+ Kd7 7. Nc3 Nf6 8. Qg5
h6 9. Qg6 Qe8 10. Qc2 Bb4 11. a3 Bxc3+ 12. bxc3 a5 13. Nf3 Kc7 14. Bf4+ Kd8 15.
Qb3 Nbd7 16. Be2 g5 17. Be5 Qf7 18. cxd5 exd5 19. O-O g4 20. Bxf6+ Qxf6 21. Nd2
h5 22. Rfe1 b5 23. Qc2 Rf8 24. f3 Nb6 25. Rf1 Bf5 26. Bd3 Bxd3 27. Qxd3 gxf3 28.
Nxf3 Qd6 29. Qh7 Nc4 30. Ng5 Rxf1+ 31. Rxf1 Kc8 32. Ne6 {Black forfeits on time}
1-0

[Event "Team 45 45 League T45"]
[Site "Internet Chess Club"]
[Date "2010.06.12"]
[Round "6"]
[White "g8wrb"]
[Black "Bible-Believer"]
[Result "0-1"]
[WhiteElo "1490"]
[BlackElo "1559"]
[Opening "Robatsch (modern) defense"]
[ECO "A40"]
[Time "14:02:41"]
[TimeControl "2700+45"]

1. d4 g6 2. e4 Bg7 3. Nf3 c5 4. c3 Qa5 5. Bd2 Qb6 6. Qb3 cxd4 7. Qxb6 axb6 8.
cxd4 d6 9. Bb5+ Bd7 10. Nc3 Nc6 11. Be3 Nf6 12. O-O O-O 13. d5 Ne5 14. Nxe5 Bxb5
15. Nxb5 dxe5 16. f3 Nd7 17. Rfc1 f5 18. Rc7 Nf6 19. Rxb7 fxe4 20. fxe4 Nxe4 21.
Rxe7 Rad8 22. Rd1 Nd6 23. Nxd6 Rxd6 24. Re6 Rfd8 25. Bxb6 Rxd5 26. Re8+ Rxe8 27.
Rxd5 Rb8 28. Rd7 Rxb6 29. b3 Rc6 30. a4 Rc1+ 31. Kf2 Rc2+ 32. Kf1 Ra2 33. Rd5 e4
34. a5 Bc3 35. Rd8+ Kg7 36. Ra8 Rxa5 37. Re8 Re5 38. Rc8 Ba5 39. Ke2 e3 40. Ra8
Bd2 41. Ra1 Rf5 42. Rg1 Rf2+ 43. Kd3 Kf7 44. b4 Ke6 45. h3 Kd5 46. g4 g5 47. Rb1
Rf4 48. b5 Rd4+ 49. Ke2 Ke4 50. b6 Rb4 51. Ra1 Rxb6 52. Ra7 Rb1 53. Re7+ Kf4 54.
Rxh7 Re1+ 55. Kd3 Kg3 56. Rh5 Bc1 57. Rh7 Rh1 58. Rg7 Rxh3 59. Ke2 Rh2+ 60. Kd1
Rh1+ 61. Ke2 Kxg4 62. Re7 Kg3 63. Rf7 g4 64. Rc7 Rh2+ 65. Ke1 Kg2 66. Rc2+ Kg1
67. Rxc1 Rf2 68. Rc3 Rf3 69. Ke2 Kg2 70. Rc7 Rf2+ 71. Kxe3 g3 72. Rg7 Rf3+ 73.
Ke2 Rf4 74. Ke3 Rh4 75. Rf7 Kh2 76. Rf1 g2 77. Rf2 Kh1 78. Kf3 g1=Q {White
resigns} 0-1

[Event "Team 45 45 League T45"]
[Site "Internet Chess Club"]
[Date "2010.06.13"]
[Round "6"]
[White "LuxAeterna"]
[Black "Buford-Julep"]
[Result "0-1"]
[WhiteElo "1826"]
[BlackElo "1690"]
[Opening "French: Albin-Alekhine-Châtard attack, Breyer variation"]
[ECO "C13"]
[Time "20:00:59"]
[TimeControl "2700+45"]

1. e4 e6 2. d4 d5 3. Nc3 Nf6 4. Bg5 Be7 5. e5 Nfd7 6. h4 c5 7. Bxe7 Kxe7 8. Qg4
Nc6 9. Nf3 cxd4 10. Nxd4 Ncxe5 11. Qxg7 Rg8 12. Nf5+ exf5 13. Nxd5+ Kd6 14. Qxh7
Kxd5 15. O-O-O+ Kc6 16. Qxf5 Qf6 17. Qe4+ Kc7 18. Rh3 Nb6 19. Rc3+ Nc6 20. Rf3
Qe6 21. Qf4+ Ne5 22. Re1 f6 23. Rc3+ Kb8 24. Qd4 Rg4 25. f4 Qd5 26. Qxd5 Nxd5
27. Rxc8+ Kxc8 28. fxe5 fxe5 29. Rxe5 Nc7 30. h5 Kd7 31. Bd3 Rxg2 32. Be4 Rg1+
33. Kd2 Kd6 34. Rf5 Ke6 35. Rc5 Rd8+ 36. Ke2 Nd5 37. c4 Nf4+ 38. Ke3 Rf8 39.
Bxb7 Re1+ 40. Kd2 Re2+ 41. Kc3 Re5 42. Rc6+ Kd7 43. h6 Re6 44. Rc5 Rxh6 45. Ra5
Rh3+ 46. Kb4 Nd3+ 47. Kb5 Rh5+ 48. Bd5 Nxb2 49. Rxa7+ Kd6 50. Ra6+ Ke5 51. a4
Kd4 52. Rc6 Rb8+ 53. Ka5 Ra8+ 54. Kb4 Nxa4 55. Rd6 Rb8+ 56. Kxa4 Kc3 57. Rf6
Rb4+ 58. Ka5 Rxc4 59. Rf3+ Kd4 60. Rf4+ Kxd5 {White resigns} 0-1

[Event "Team 45 45 League T45"]
[Site "Internet Chess Club"]
[Date "2010.06.13"]
[Round "6"]
[White "BishopMike"]
[Black "catrasca"]
[Result "0-1"]
[WhiteElo "1468"]
[BlackElo "1603"]
[Opening "French: exchange variation"]
[ECO "C01"]
[Time "19:00:48"]
[TimeControl "2700+45"]

1. e4 e6 2. d4 d5 3. exd5 exd5 4. Nf3 Bd6 5. Nc3 Ne7 6. Bg5 f6 7. Bd2 O-O 8. Be2
c6 9. Be3 b5 10. a3 Bg4 11. h3 Bh5 12. g4 Bg6 13. Nh4 Nd7 14. Nf5 Bxf5 15. gxf5
Nxf5 16. Qd2 Re8 17. O-O-O Nxe3 18. fxe3 Qe7 19. Bg4 a5 20. Rde1 b4 21. Bxd7
Qxd7 22. Nb1 bxa3 23. Nxa3 Bxa3 24. bxa3 Qe7 25. Qd3 Qe4 26. Qc3 a4 27. Rhg1 Ra6
28. Re2 f5 29. Qb2 Qe7 30. Kd1 Qc7 31. Reg2 g6 32. h4 Rb6 33. Qa2 Re6 34. Kd2
Qb7 35. h5 Kf7 36. h6 Rb2 37. Qa1 Qb3 38. Qc1 Qxe3+ 39. Kd1 Qxd4+ 40. Qd2 Rb1#
{White checkmated} 0-1

[Event "Team 45 45 League T45"]
[Site "Internet Chess Club"]
[Date "2010.06.11"]
[Round "6"]
[White "ElMarginal"]
[Black "achessfool"]
[Result "1-0"]
[WhiteElo "1588"]
[BlackElo "1499"]
[Opening "QGD semi-Slav"]
[ECO "D43"]
[Time "21:04:33"]
[TimeControl "2700+45"]

1. d4 d5 2. c4 e6 3. Nc3 Nf6 4. Nf3 c6 5. Bg5 Nbd7 6. Qb3 Qb6 7. c5 Qxb3 8. axb3
Be7 9. e3 O-O 10. b4 Re8 11. Be2 b6 12. O-O h6 13. Bh4 b5 14. h3 Bb7 15. Bg3 a6
16. Nd2 Nh7 17. Nb3 Bf6 18. Na5 Ra7 19. Nxb7 Rxb7 20. Rxa6 Rc8 21. Rfa1 e5 22.
dxe5 Bxe5 23. f4 Bxc3 24. bxc3 Ndf6 25. Bd3 Re7 26. Bf2 Ne4 27. Bxe4 Rxe4 28.
Ra8 Ree8 29. Rxc8 Rxc8 30. Ra6 Nf6 31. Be1 Kh7 32. Kf2 Kg6 33. g4 Ne4+ 34. Ke2
f5 35. Kf3 Rc7 36. Ra8 h5 37. gxf5+ Kxf5 38. Rf8+ Kg6 39. Ra8 Kf5 40. Ra3 Re7
41. Ra6 Re6 42. Ra7 Rg6 43. Rc7 Rg1 44. Ke2 Rg6 45. Kd3 Rg1 46. Ke2 Rg6 47. Kf1
Ng3+ 48. Bxg3 Rxg3 49. Kf2 Rxh3 50. Rxc6 Rh2+ 51. Kf3 Rc2 52. Rd6 Rxc3 53. Rxd5+
Ke6 54. Rxh5 Rc4 55. Re5+ Kd7 56. Re4 Rxc5 57. bxc5 Kc6 58. Re7 Kxc5 59. Rxg7 b4
60. Rb7 Kc4 61. Rxb4+ Kxb4 62. Ke4 Kc5 63. Ke5 Kc6 64. Ke6 Kc7 65. Ke7 Kc6 66.
e4 {Black resigns} 1-0

[Event "Team 45 45 League T45"]
[Site "Internet Chess Club"]
[Date "2010.06.10"]
[Round "6"]
[White "TheronUAL"]
[Black "milwaukeejosh"]
[Result "1-0"]
[WhiteElo "1419"]
[BlackElo "1378"]
[Opening "Four knights: Scotch, 4...exd4"]
[ECO "C47"]
[Time "10:02:51"]
[TimeControl "2700+45"]

1. e4 e5 2. Nc3 Nf6 3. Nf3 Nc6 4. d4 exd4 5. Nxd4 g6 6. Bg5 h6 7. Nxc6 bxc6 8.
Be3 d6 9. Bc4 Bg7 10. Bd3 Rb8 11. Bxa7 Rxb2 12. Be3 O-O 13. O-O Re8 14. a4 Rb4
15. Ra3 Bb7 16. Bd2 c5 17. Nb5 Rxb5 18. Bxb5 Rxe4 19. Be3 Qa8 20. c3 Rg4 21. f3
Rxg2+ 22. Kxg2 Ng4 23. Kg1 Nxe3 24. Qe2 Nxf1 25. Kxf1 Bxf3 26. Qe8+ Qxe8 27.
Bxe8 Kf8 28. Bb5 Ke7 29. a5 Kd8 30. a6 c4 31. a7 Ba8 32. Ke2 d5 33. Kd2 Be5 34.
h3 g5 35. Ra1 f5 36. Re1 Bf4+ 37. Kc2 c6 38. Ba6 g4 39. hxg4 fxg4 40. Re6 g3 41.
Rg6 Be3 42. Rg8+ Ke7 43. Rxa8 g2 44. Re8+ Kxe8 45. a8=Q+ Kd7 46. Qb7+ Kd6 47.
Qb8+ Kd7 48. Bc8+ Ke7 49. Qc7+ Kf6 50. Qxc6+ Ke5 51. Qe6+ Kf4 52. Qg4+ Ke5 53.
Qxg2 h5 54. Qh2+ {Black resigns} 1-0

[Event "Team 45 45 League T45"]
[Site "Internet Chess Club"]
[Date "2010.06.13"]
[Round "6"]
[White "Merciful"]
[Black "CaoCao"]
[Result "1/2-1/2"]
[WhiteElo "2060"]
[BlackElo "1960"]
[Opening "Two knights defense (Modern bishop's opening)"]
[ECO "C55"]
[Time "10:10:07"]
[TimeControl "2700+45"]

1. e4 e5 2. Nf3 Nc6 3. Bc4 Nf6 4. d3 Be7 5. O-O O-O 6. a4 d6 7. c3 h6 8. Nbd2
Be6 9. Re1 Bxc4 10. Nxc4 Re8 11. Ne3 Bf8 12. Qb3 b6 13. Nf5 Qd7 14. N3h4 Kh7 15.
Re3 g6 16. Rh3 gxf5 17. Nxf5 Ng8 18. Bd2 Qe6 19. Qd1 Nce7 20. Qh5 Qg6 21. Qf3
Nxf5 22. exf5 Qf6 23. a5 b5 24. Qh5 Bg7 25. g4 Qe7 26. g5 f6 27. Qg6+ Kh8 28.
gxh6 Bf8 29. h7 Qg7 30. hxg8=Q+ Kxg8 31. Rg3 Qxg6 32. Rxg6+ Kf7 33. Kh1 {Game
drawn by mutual agreement} 1/2-1/2

[Event "Team 45 45 League T45"]
[Site "Internet Chess Club"]
[Date "2010.06.12"]
[Round "6"]
[White "Majamutu"]
[Black "Buckeye22"]
[Result "1/2-1/2"]
[WhiteElo "2011"]
[BlackElo "2044"]
[Opening "French: Winawer, advance, Bogolyubov variation"]
[ECO "C17"]
[Time "11:01:37"]
[TimeControl "2700+45"]

1. e4 e6 2. d4 d5 3. Nc3 Bb4 4. e5 c5 5. Bd2 Ne7 6. Nb5 Bxd2+ 7. Qxd2 O-O 8. f4
cxd4 9. Nf3 Nbc6 10. Bd3 Bd7 11. O-O f6 12. Nbxd4 Nxd4 13. Nxd4 Qb6 14. Kh1 Nc6
15. Nf3 Rac8 16. c3 Na5 17. b3 Nc6 18. Rac1 Qc7 19. Rfe1 Rf7 20. c4 d4 21. Bb1
fxe5 22. Nxe5 Nxe5 23. Rxe5 Rcf8 24. g3 Bc6+ 25. Be4 Qxe5 26. fxe5 Bxe4+ 27. Kg1
d3 28. Re1 Bg6 29. Kg2 h6 30. a4 Rd7 31. a5 Rf5 32. Re3 Kf8 33. Qb4+ Ke8 34. Qd2
Ke7 35. Kg1 Rf8 36. Qb4+ {Game drawn by mutual agreement} 1/2-1/2

[Event "Team 45 45 League T45"]
[Site "Internet Chess Club"]
[Date "2010.06.13"]
[Round "6"]
[White "imgr8"]
[Black "primerpaso"]
[Result "0-1"]
[WhiteElo "2062"]
[BlackElo "1828"]
[Opening "Sicilian: Alapin's variation (2.c3)"]
[ECO "B22"]
[Time "18:31:11"]
[TimeControl "2700+45"]

1. e4 c5 2. c3 d5 3. exd5 Qxd5 4. d4 Nf6 5. Nf3 Bg4 6. dxc5 Qxd1+ 7. Kxd1 Nbd7
8. b4 g6 9. Nd2 Nd5 10. Bb2 Bg7 11. Kc2 a5 12. a3 Bf5+ 13. Kb3 a4+ 14. Kc4 Rd8
15. Nd4 Ne5+ 16. Kb5 Bd7+ 17. c6 Nxc6 18. Nxc6 Bxc6+ 19. Kc4 Nb6+ 20. Kc5 Rxd2
21. b5 Nd7+ 22. Kc4 Bd5+ {White resigns} 0-1

[Event "Team 45 45 League T45"]
[Site "Internet Chess Club"]
[Date "2010.06.12"]
[Round "6"]
[White "frank001"]
[Black "VietLion"]
[Result "0-1"]
[WhiteElo "1879"]
[BlackElo "1878"]
[Opening "French: Wing gambit"]
[ECO "C00"]
[Time "10:30:32"]
[TimeControl "2700+45"]

1. e4 e6 2. Nf3 d5 3. e5 c5 4. b4 cxb4 5. d4 Nc6 6. a3 Nge7 7. axb4 Nxb4 8. Ba3
Nbc6 9. Nc3 a6 10. Bd6 Nf5 11. Bxf8 Kxf8 12. g4 Nh6 13. h3 Rb8 14. Qd2 b5 15.
Bd3 Nb4 16. Be2 Qc7 17. O-O Nc6 18. Rfb1 Ng8 19. Bd3 Nge7 20. Ne2 Ng6 21. Rb3
Qe7 22. c3 f6 23. Qe3 fxe5 24. Nxe5 Ngxe5 25. dxe5 Ke8 26. Ng3 g6 27. c4 dxc4
28. Bxc4 bxc4 29. Rxb8 Nxb8 30. Ne4 Kf8 31. Nd6 Kg7 32. Rb1 Nd7 33. Nxc4 Qc5 34.
Qe4 Rf8 35. Rb2 Nb6 36. Nxb6 Qc1+ 37. Kg2 Qxb2 38. Qe3 Bb7+ 39. Kh2 Rxf2+ {White
resigns} 0-1

[Event "Team 45 45 League T45"]
[Site "Internet Chess Club"]
[Date "2010.06.10"]
[Round "6"]
[White "makito"]
[Black "SaltofLife"]
[Result "1/2-1/2"]
[WhiteElo "1859"]
[BlackElo "1879"]
[Opening "Dutch with c4 & Nc3"]
[ECO "A85"]
[Time "04:11:25"]
[TimeControl "2700+45"]

1. c4 f5 2. Nc3 Nf6 3. d4 e6 4. Nf3 d5 5. e3 c6 6. Be2 Bd6 7. O-O O-O 8. b3 b6
9. Bb2 Nbd7 10. Rc1 Ba6 11. Bd3 Ne4 12. cxd5 Bxd3 13. Qxd3 exd5 14. Ne2 Rc8 15.
Ne5 Bxe5 16. dxe5 Qe7 17. Qd4 Rfe8 18. f3 Ng5 19. Qf4 g6 20. Rfd1 Ne6 21. Qg3
Nec5 22. f4 Ne4 23. Qe1 Nf8 24. Nd4 Qb7 25. Qe2 Ne6 26. b4 Nxd4 27. exd4 Qd7 28.
Bc3 Rc7 29. Be1 Rec8 30. Qd3 Qe7 31. Rc2 Kh8 32. Rdc1 Qf7 33. Bh4 Kg7 34. Qb3
{Game drawn by mutual agreement} 1/2-1/2

[Event "Team 45 45 League T45"]
[Site "Internet Chess Club"]
[Date "2010.06.12"]
[Round "6"]
[White "fledermaus"]
[Black "incachess"]
[Result "1-0"]
[WhiteElo "1921"]
[BlackElo "1615"]
[Opening "QGD"]
[ECO "D52"]
[Time "17:04:03"]
[TimeControl "2700+45"]

1. d4 d5 2. c4 e6 3. Nc3 c6 4. Nf3 Nf6 5. Bg5 Nbd7 6. e3 b6 7. Ne5 Qc7 8. cxd5
exd5 9. f4 Bb4 10. Bd3 O-O 11. O-O Bxc3 12. bxc3 Ne4 13. Bxe4 dxe4 14. Qb3 Nxe5
15. fxe5 Be6 16. Qc2 Bc4 17. Qxe4 Bxf1 18. Rxf1 Rae8 19. Qg4 Qc8 20. Qg3 Kh8 21.
Qh4 Re6 22. Rf3 h6 23. Bf6 Kh7 24. Qe4+ Kh8 25. Rh3 Rxf6 26. exf6 Qe6 27. fxg7+
Kxg7 28. Rg3+ Kh8 29. Qxe6 fxe6 30. Rg6 Re8 31. Rxh6+ Kg7 32. Rh5 Kg6 33. g4 Rf8
34. Kg2 Rf7 35. Re5 Kf6 36. h4 c5 37. Re4 cxd4 38. Rf4+ Kg6 39. Rxf7 Kxf7 40.
exd4 Kf6 41. Kf3 b5 42. Ke4 a5 43. g5+ Kf7 44. Ke5 Ke7 45. h5 Kf7 46. g6+ {Black
resigns} 1-0

[Event "Team 45 45 League T45"]
[Site "Internet Chess Club"]
[Date "2010.06.13"]
[Round "6"]
[White "Kravier"]
[Black "jonesey"]
[Result "0-1"]
[WhiteElo "1700"]
[BlackElo "1920"]
[Opening "Réti opening"]
[ECO "A04"]
[Time "07:08:51"]
[TimeControl "2700+45"]

1. Nf3 g6 2. d4 Bg7 3. Bf4 Nf6 4. e3 d6 5. c4 O-O 6. Nc3 Nbd7 7. Be2 Re8 8. O-O
Nh5 9. Bg5 Nhf6 10. Qc2 e5 11. dxe5 Nxe5 12. Nxe5 Rxe5 13. Ne4 Bf5 14. Nxf6+
Bxf6 15. Bxf6 Qxf6 16. Qb3 Be4 17. f4 Re7 18. Bf3 b6 19. Rae1 Rae8 20. Bxe4 Rxe4
21. Rf3 Qf5 22. Qa4 Qc5 23. Kf2 a5 24. b3 d5 25. Qb5 Qa3 26. cxd5 Qxa2+ 27. Re2
Qa3 28. Rc2 R8e7 29. Qd3 Qb4 30. Rc4 Rxc4 31. Qxc4 Qxc4 32. bxc4 Re4 33. c5 b5
34. f5 a4 35. fxg6 hxg6 36. Ke2 a3 37. Kd3 a2 38. Rf1 Ra4 39. Ra1 f5 40. g4 Kf7
41. gxf5 gxf5 42. Kc3 Rc4+ 43. Kb3 Rxc5 44. Rxa2 Rxd5 45. Kb4 Re5 46. Ra7 Re7
47. Kxb5 c6+ {White resigns} 0-1

[Event "Team 45 45 League T45"]
[Site "Internet Chess Club"]
[Date "2010.06.15"]
[Round "6"]
[White "Magagna"]
[Black "LazyPeon"]
[Result "1-0"]
[WhiteElo "1888"]
[BlackElo "1608"]
[Opening "Budapest: Fajarowicz variation"]
[ECO "A51"]
[Time "17:01:20"]
[TimeControl "2700+45"]

1. d4 Nf6 2. c4 e5 3. dxe5 Ne4 4. Nf3 d6 5. e3 Nc6 6. a3 Bf5 7. exd6 Bxd6 8. Bd3
Qe7 9. Qc2 Bg6 10. b4 O-O-O 11. Bb2 Rhe8 12. c5 Be5 13. Bxe5 Nxe5 14. Bxe4 Nd3+
15. Bxd3 Bxd3 16. Qb2 f5 17. Nbd2 f4 18. e4 Bxe4 19. O-O Qf7 20. Rfe1 Qd5 21.
Nxe4 Rxe4 22. Rxe4 Qxe4 23. Qxg7 Qe2 24. Qg4+ Kb8 25. h3 a6 26. Re1 {Black
resigns} 1-0

[Event "Team 45 45 League T45"]
[Site "Internet Chess Club"]
[Date "2010.06.14"]
[Round "6"]
[White "UnderRated"]
[Black "gerailen0075"]
[Result "0-1"]
[WhiteElo "1620"]
[BlackElo "1791"]
[Opening "French: advance, Euwe variation"]
[ECO "C02"]
[Time "19:27:37"]
[TimeControl "2700+45"]

1. e4 e6 2. d4 d5 3. e5 c5 4. c3 Nc6 5. Nf3 Bd7 6. Bd3 Qb6 7. Bc2 Rc8 8. O-O
cxd4 9. cxd4 Nb4 10. Bb3 Bb5 11. Re1 Nd3 12. Nc3 Nxe1 13. Nxb5 Nxf3+ 14. gxf3
Ne7 15. Nd6+ Kd7 16. Ba4+ Nc6 17. Nxc8 Kxc8 18. Be3 Be7 19. Rc1 Kb8 20. Bxc6
bxc6 21. Rc3 Ka8 22. Rb3 Qa6 23. Ra3 Bxa3 24. bxa3 Qxa3 25. Qc2 Qa6 26. Bd2 g6
27. Bb4 Rb8 28. a3 Qb5 29. Kg2 h5 30. h4 a5 31. Bd6 Rb7 32. Kg3 Qc4 33. Qd2 Qa6
34. Qc3 Rb1 35. Be7 Qb6 36. Bd6 Qb5 37. Kf4 Rb3 38. Qc1 Qc4 39. Qa1 Qd3 40. Kg5
Qf5+ 41. Kh6 g5 42. Kxh5 gxh4+ 43. Kxh4 Rxf3 {White resigns} 0-1

[Event "Team 45 45 League T45"]
[Site "Internet Chess Club"]
[Date "2010.06.14"]
[Round "6"]
[White "ILRE"]
[Black "slipkid"]
[Result "1-0"]
[WhiteElo "1580"]
[BlackElo "1620"]
[Opening "Sicilian: closed"]
[ECO "B23"]
[Time "15:00:10"]
[TimeControl "2700+45"]

1. e4 c5 2. Nc3 d6 3. g3 Nf6 4. Bg2 Nc6 5. d3 Bg4 6. f3 Bd7 7. Nge2 e6 8. Be3
Be7 9. Qd2 O-O 10. O-O a6 11. Nd1 Qb6 12. c3 Qd8 13. Rb1 d5 14. exd5 Nxd5 15.
Bf2 Bg5 16. f4 Bh6 17. Bxc5 Re8 18. Qc2 b6 19. Bf2 Nf6 20. Ne3 Rc8 21. Qd1 e5
22. fxe5 Nxe5 23. h3 Be6 24. Nd4 Bxe3 25. Bxe3 Bd5 26. Bxd5 Qxd5 27. Rf5 Qb7 28.
Qf1 Ng6 29. Bg5 Nd7 30. Rxf7 Qd5 31. Rf5 Qxa2 32. Rf2 Qd5 33. Bf4 Nxf4 34. Rxf4
Re3 35. Nf5 Rce8 36. Nxe3 Rxe3 37. Qg2 Qxd3 38. Qa8+ Nf8 {Black resigns} 1-0